 Dungeon Crawl Stone Soup version 0.32-a0-996-gb3226c233f (webtiles) character file.

Game seed: 4432216601472339810

18 arvianne the Sneak (level 2, -2/18 HPs)
             Began as a Kobold Brigand on Apr 23, 2024.
             Slain by a kobold
             ... wielding a +2 dagger of electrocution
              (15 damage)
             ... on level 2 of the Dungeon.
             The game lasted 00:05:11 (828 turns).

arvianne the Sneak (Kobold Brigand)                  Turns: 828, Time: 00:05:14

Health: -2/18      AC:  6    Str:  8    XL:     2   Next: 90%
Magic:  2/2        EV: 13    Int: 12    God:
Gold:   40         SH:  0    Dex: 16    Spells: 1/1 levels left

rFire   . . .        g - +2 dagger (venom)
rCold   . . .        (no shield)
rNeg    . . .        b - +0 robe
rPois   .            m - +2 helmet
rElec   .            c - +0 cloak
rCorr   .            (no gloves)
SInv    .            (no boots)
Will    .....        (no amulet)
Stlth   ++++         (no ring)
HPRegen 0.23/turn    (no ring)
MPRegen 0.08/turn

%: no passive effects
@: no status effects
A: small, no large weapons, nightstalker 3
a: no special abilities


You were on level 2 of the Dungeon.
You visited 1 branch of the dungeon, and saw 2 of its levels.

You collected 40 gold pieces.

Inventory:

Hand Weapons
 a - a +2 dagger
 g - a +2 dagger of venom (weapon)
Missiles
 d - 9 poisoned darts (quivered)
 e - 3 curare-tipped darts
Armour
 b - a +0 robe (worn)
 c - a +0 cloak (worn)
 l - a +0 crystal plate armour
 m - a +2 helmet (worn)
Scrolls
 h - 2 scrolls of identify {unknown}
 j - a scroll of enchant weapon {unknown}
 k - 3 scrolls of amnesia {unknown}
Potions
 f - a potion of invisibility {unknown}
 i - 2 potions of heal wounds {unknown}


   Skills:
 + Level 2.3 Fighting
 * Level 3.1 Short Blades
 - Level 2.2 Throwing
 + Level 1.6 Dodging
 * Level 5.7 Stealth
 + Level 0.4 Evocations


You had one spell level left.
You didn't know any spells.
Your spell library contained the following spells:

 Spells                   Type           Power      Damage    Failure   Level
 Magic Dart               Conj           0%         1d3       32%         1
 Blink                    Tloc           0%         N/A       45%         2
 Call Imp                 Summ           0%         N/A       45%         2
 Tukima's Dance           Hex            0%         N/A       69%         3
 Dimensional Bullseye     Hex/Tloc       0%         N/A       97%         4
 Iskenderun's Mystic Bla Conj/Tloc 0%             2d3        (+2d1     97%         4


Dungeon Overview and Level Annotations

Branches:
Dungeon (2/15)

Altars:


Innate Abilities, Weirdness & Mutations

You are small and have problems with some larger weapons.
You are completely attuned to the shadows.


Message History

There is an open door here.
You open the door. You open the door.
There is an open door here.
There is a large open door here.
There is a stone staircase leading down here.
You climb downwards.
Found a glowing helmet.
Found an escape hatch in the ceiling.
There is a stone staircase leading up here.
You see here a +2 helmet.
m - a +2 helmet Unknown command.
You start putting on your armour.
You continue putting on your +2 helmet. x4
The goblin shouts!
You hear a shout!
You finish putting on your +2 helmet.
A quokka comes into view.
You hit the goblin.
You kill the goblin!
A kobold comes into view.
It is wielding a +2 dagger of electrocution.
Things that are here:
a +0 club; a goblin corpse The quokka bites you but does no damage.
The quokka closely misses you.
You miss the quokka. The quokka barely misses you.
You closely miss the quokka. The quokka closely misses you.
You hit the quokka but do no damage.
A bat comes into view.
The kobold hits you but does no damage. The quokka closely misses you.
The bat moves out of view.
You hit the quokka.
The quokka is poisoned.
The quokka is moderately wounded.
The kobold hits you with a +2 dagger of electrocution.
The quokka barely misses you.
You hit the quokka.
The quokka looks as sick as possible!
The quokka is almost dead.
You kill the quokka!
The kobold hits you with a +2 dagger of electrocution.
You are electrocuted!
Ouch! That really hurt!
You die...

##..#
#....
#...#
#.<.#
#..@#####
#...K....
#..<.....
#...##.#.
#..b. ##
#.#.##
#.#.#


You could see a bat (wandering) and a kobold.

Vanquished Creatures
  A dart slug (D:1)
  2 endoplasms (D:1)
  2 giant cockroaches (D:1)
  2 goblins
  2 hobgoblins (D:1)
  A quokka (D:2)
  2 ball pythons (D:1)
  A bat (D:1)
  2 frilled lizards (D:1)
  A kobold (D:1)
  A rat (D:1)
17 creatures vanquished.

Notes
Turn   | Place    | Note
-------+----------+-------------------------------------------
     0 | D:1      | arvianne the Kobold Brigand began the quest for the Orb.
     0 | D:1      | Reached XP level 1. HP: 12/12 MP: 1/1
   229 | D:1      | Reached XP level 2. HP: 18/18 MP: 2/2
   828 | D:2      | Slain by a kobold

Illustrated notes

Levels and vault maps discovered:
D:1:      beargit_arrival_diablo_church, layout_basic, hangedman_decor_points,
          hex_tiny, hex_intersection, wander_ebering_terrifying_dragon_lair
D:2:      layout_loops_ring, serial_shops, nicolae_shop_hallway_plus,
          nicolae_shop_pleasant_corner_grove

Skill      XL: |  1 |
---------------+----+-----
Short Blades   | 3 |  3.1
Fighting       | |  2.3
Throwing       | |  2.2
Dodging        | |  1.6
Stealth        | |  5.7
Evocations     | |  0.4

Action                     || total
---------------------------++-------
  Melee: Dagger            ||    28
   Stab: Sleeping          ||     8
 Armour: Robe              ||     6
  Dodge: Dodged            ||    12

Table legend: (Time is in decaauts)
 A = Elapsed time spent in this place.
 B = Non-inter-level travel time spent in this place.
 C = Inter-level travel time spent in this place.
 D = Time resting spent in this place.
 E = Time spent auto-exploring this place.
 F = Levels seen in this place.
 G = Mean time per level.
                   A        B        C        D        E       F      G
               +--------+--------+--------+--------+--------+-----+--------+
         Total |    823 |    823 |      0 |      0 |      0 |   2 |  411.5 |
       Dungeon |    823 |    823 |      0 |      0 |      0 |   2 |  411.5 |
               +--------+--------+--------+--------+--------+-----+--------+

Top non-repeatable levels by time:
     D:1: 808 daAuts
     D:2: 14 daAuts
